 Dungeon Crawl Stone Soup version 0.21-a0-404-g291f19a (webtiles) character file.

88 operationiv the Bolt Thrower (level 4, -6/37 HPs)
             Began as a Centaur Hunter on Oct 31, 2017.
             Mangled by Sigmund
             ... wielding a +0 scythe
              (8 damage)
             ... on level 2 of the Dungeon.
             The game lasted 00:03:29 (1817 turns).

operationiv the Bolt Thrower (Centaur Hunter)       Turns: 1817, Time: 00:03:30

Health: -6/37      AC:  6    Str: 13 (15) XL:     4   Next: 30%
Magic:  4/4        EV:  9    Int:  7 (10) God:
Gold:   59         SH:  4    Dex:  9 (10) Spells: 3/3 levels left

rFire    . . .     SeeInvis .   a - +1 hand crossbow
rCold    . . .     Gourm    .   (no shield)
rNeg     . . .     Faith    .   c - +0 leather armour
rPois    .         Spirit   .   (helmet restricted)
rElec    .         Reflect  .   (no cloak)
rCorr    .         Harm     .   (no gloves)
MR       .....                  (no barding)
Stlth    +.........             (no amulet)
HPRegen  0.12/turn              (no ring)
MPRegen  0.09/turn              (no ring)

@: hasted, very quick
A: hooves 3, horns 1, large bone plates 1, slimy green scales 1, blurry vision
1, deformed body, speed 2, tough skin 3
a: no special abilities


You were on level 2 of the Dungeon.
You were not hungry.

You visited 1 branch of the dungeon, and saw 2 of its levels.

You collected 59 gold pieces.

Inventory:

Hand Weapons
 a - a +1 hand crossbow (weapon)
 b - a +0 short sword
Missiles
 d - 17 bolts (quivered)
Armour
 c - a +0 leather armour (worn)
Jewellery
 h - a cursed ring of protection from magic {unknown}
 k - a cursed ring of loudness {unknown}
Scrolls
 e - a scroll of amnesia {unknown}
 i - a scroll of teleportation {unknown}
 l - 3 scrolls of identify {unknown}
 n - a scroll of immolation {unknown}
Potions
 m - 2 potions of brilliance
 o - a potion of degeneration
 r - a potion of haste
Comestibles
 f - 2 bread rations
 g - a royal jelly
 j - 2 meat rations


   Skills:
 + Level 2.6 Fighting
 * Level 2.5 Short Blades
 - Level 4.3 Crossbows
 + Level 1.3 Armour
 - Level 1.3 Dodging
 - Level 0.4 Stealth


You had 3 spell levels left.
You didn't know any spells.

Dungeon Overview and Level Annotations

Branches:
Dungeon (2/15)

Altars:

Annotations:
D:2 1 runed door, Sigmund


Innate Abilities, Weirdness & Mutations

You have hooves in place of feet.
Armour fits poorly on your strangely shaped body.
You cover ground very quickly.
You have extremely tough skin. (AC +3)
You have a pair of small horns on your head.
You are partially covered in large bone plates. (SH +4)
You are partially covered in slimy green scales. (AC +2)
Scrolls take you a little longer to read.


Message History

You shoot a bolt. You block something's attack.
Firing (i - inventory):
d - 23 bolts (quivered)
Press: ? - help, Shift-Dir - straight line You shoot a bolt.
Something hits you but does no damage.
Firing (i - inventory):
d - 22 bolts (quivered)
Press: ? - help, Shift-Dir - straight line You shoot a bolt.
Firing (i - inventory):
d - 21 bolts (quivered)
Press: ? - help, Shift-Dir - straight line You shoot a bolt.
Something hits you but does no damage.
Firing (i - inventory):
d - 20 bolts (quivered)
Press: ? - help, Shift-Dir - straight line You shoot a bolt.
Firing (i - inventory):
d - 19 bolts (quivered)
Press: ? - help, Shift-Dir - straight line You shoot a bolt.
Something hits you but does no damage.
Firing (i - inventory):
d - 18 bolts (quivered)
Press: ? - help, Shift-Dir - straight line You shoot a bolt.
Something hits you!
You die...

.......# ...
.......#
............#
.....#.....
####....#....
........##..
.........({###
...#....#..(@#
........#.##.#
.....r..#l##.#
....##..h.####
. #..########
K. #.........#
..##.........#
.............#
......<.......#


There were no monsters in sight!

Vanquished Creatures
  A hound (D:2)
  An adder (D:2)
  A dart slug (D:2)
  2 leopard geckos (D:2)
  A giant cockroach (D:2)
  5 hobgoblins (D:1)
  7 jackals
  7 kobolds
  2 quokkas (D:2)
  A ball python (D:2)
  7 bats
  5 frilled lizards
  A goblin (D:2)
  5 rats
46 creatures vanquished.

Notes
Turn   | Place    | Note
-------+----------+-------------------------------------------
     0 | D:1      | operationiv the Centaur Hunter began the quest for the Orb.
     0 | D:1      | Reached XP level 1. HP: 17/17 MP: 1/1
    72 | D:1      | Reached skill level 1 in Short Blades
   160 | D:1      | Reached XP level 2. HP: 11/24 MP: 2/2
  1187 | D:2      | Reached XP level 3. HP: 29/30 MP: 3/3
  1204 | D:2      | Found a faded altar of an unknown god.
  1288 | D:2      | Found a runed door.
  1386 | D:2      | Reached skill level 1 in Armour
  1790 | D:2      | Noticed Sigmund
  1797 | D:2      | Reached XP level 4. HP: 20/37 MP: 4/4
  1804 | D:2      | Gained mutation: You are partially covered in slimy green scales. (AC +2) [potion of mutation]
  1804 | D:2      | Gained mutation: You have a pair of small horns on your head. [potion of mutation]
  1804 | D:2      | Gained mutation: Scrolls take you a little longer to read. [potion of mutation]
  1804 | D:2      | Gained mutation: You are partially covered in large bone plates. (SH +4) [potion of mutation]
  1808 | D:2      | HP: 1/37 [something (8)]
  1817 | D:2      | Mangled by Sigmund

Vault maps used:
D:1:      giann_wishing_wells
D:2:      chequers_ecumenical_altar_simple, first_bread, uniq_sigmund,
          uniq_jessica, uniq_crazy_yiuf_cottage

Skill      XL: |  1  2  3 |
---------------+----------+-----
Short Blades   | 1 2 |  2.5
Armour         | 1 |  1.3
Fighting       | |  2.6
Crossbows      | |  4.3
Dodging        | |  1.3
Stealth        | |  0.4

Action                   |  1- 3 |  4- 6 || total
-------------------------+-------+-------++-------
Melee: Short sword       |   143 |       ||   143
       Kick              |    13 |       ||    13
 Fire: Hand crossbow     |     7 |    15 ||    22
  Use: Potion            |     2 |     4 ||     6
 Stab: Distracted        |     1 |       ||     1
  Eat: Chunk             |     2 |       ||     2
Armor: Leather armour    |    69 |     4 ||    73
Dodge: Dodged            |    76 |     2 ||    78
Block: Other             |       |     1 ||     1

Table legend:
 A = Spawn XP
 B = Non-spawn XP
 C = Spawn XP percentage of total XP
 D = Spawn monster count
 E = Non-spawn monster count
 F = Spawn count percentage of total count
 G = Total turns spent on level
                    A         B        C        D         E        F      G
               +---------+---------+-------+---------+---------+-------+---------
         Total |       0 |     127 |   0.0 |       0 |      46 |   0.0 |  1817
               +---------+---------+-------+---------+---------+-------+---------
           D:1 |       0 |      35 |   0.0 |       0 |      23 |   0.0 |  1160
           D:2 |       0 |      92 |   0.0 |       0 |      23 |   0.0 |   657
               +---------+---------+-------+---------+---------+-------+---------
